 Dungeon Crawl Stone Soup version 0.28-a0-1524-ge72afd5fc6 (webtiles) character file.

Game seed: 1472536275088146409

1276 fragbeetle the Insei (level 8, -3/66 HPs)
             Began as a Purple Draconian Transmuter on Jan 17, 2022.
             Succumbed to a gnoll sergeant's poison
             ... on level 6 of the Dungeon.
             The game lasted 00:12:54 (7249 turns).

fragbeetle the Insei (Purple Draconian Transmuter)  Turns: 7249, Time: 00:12:55

Health: -3/66      AC:  2    Str: 10 (13) XL:     8   Next: 28%
Magic:  10/12      EV: 20    Int: 18 (20) God:
Gold:   221        SH:  0    Dex: 16 (18) Spells: 6/13 levels left

rFire   . . .      SeeInvis .     - Unarmed
rCold   . . .      Faith    .   (shield currently unavailable)
rNeg    . . .      Spirit   .   (armour unavailable)
rPois   x          Reflect  .   (helmet currently unavailable)
rElec   .          Harm     .   (cloak currently unavailable)
rCorr   .          Rampage  .   (gloves currently unavailable)
Will    +....                   (boots currently unavailable)
Stlth   +.........              (no amulet)
HPRegen 0.21/turn               f - +6 ring of intelligence
MPRegen 0.13/turn               (no ring)

@: lethally poisoned (-3 -> -19), spider-form
A: venomous fangs, (breathe power), AC +6, tiny, unfitting armour,
(cold-blooded)
a: End Transformation


You were on level 6 of the Dungeon.
You were a venomous arachnid creature.
You visited 2 branches of the dungeon, and saw 7 of its levels.

You collected 359 gold pieces.
You spent 138 gold pieces at shops.

Inventory:

Hand Weapons
 e - a +0 hunting sling
Missiles
 c - 165 stones
 h - 10 poisoned darts
 m - 5 silver boomerangs
 n - 3 boomerangs
 q - 16 sling bullets
Armour
 t - a +0 pair of boots of stealth (melded)
Magical Staves
 r - a staff of poison
 w - a staff of conjuration
Jewellery
 f - a +6 ring of intelligence (left front leg)
Scrolls
 a - a scroll of fog {unknown}
 b - 6 scrolls of identify {unknown}
 d - a scroll of silence {unknown}
 g - 3 scrolls of teleportation {unknown}
 j - 2 scrolls of fear {unknown}
 k - a scroll of torment {unknown}
 s - a scroll of acquirement {unknown}
 y - a scroll of enchant weapon {unknown}
Potions
 i - a potion of berserk rage {unknown}
 l - a potion of resistance {unknown}
 o - a potion of ambrosia {unknown}
 p - a potion of degeneration
 u - a potion of lignification {unknown}
 v - a potion of might
 x - a potion of curing {unknown}


   Skills:
 + Level 3.8 Fighting
 + Level 3.6 Dodging
 * Level 5.8 Unarmed Combat
 + Level 3.2 Spellcasting
 * Level 5.2 Transmutations
 * Level 3.0 Ice Magic
 + Level 3.0 Poison Magic


You had 6 spell levels left.
You knew the following spells:

 Your Spells              Type           Power      Damage    Failure   Level
a - Beastly Appendage     Tmut           42%        N/A       8%          1
b - Spider Form           Tmut/Pois      17%        N/A       22%         3
c - Frozen Ramparts       Ice            26%        1d4       32%         3

Your spell library contained the following spells:

 Spells                   Type           Power      Damage    Failure   Level
 Wereblood                Tmut           21%        N/A       10%         2
 Freeze                   Ice            52%        1d7       14%         1
 Poisonous Vapours        Pois/Air       16%        N/A       30%         2
 Slow                     Hex            8%         N/A       34%         1
 Summon Small Mammal      Summ           8%         N/A       34%         1
 Corpse Rot               Necr/Air       4%         N/A       45%         2
 Ice Form                 Ice/Tmut       17%        N/A       50%         4
 Call Canine Familiar     Summ           2%         N/A       65%         3
 Confusing Touch          Hex            2%         N/A       65%         3
 Portal Projectile        Hex/Tloc       4%         N/A       65%         3
 Summon Guardian Golem    Hex/Summ       2%         N/A       65%         3
 Vampiric Draining        Necr           2%         2d6       65%         3
 Hailstorm                Conj/Ice       8%         3d4       83%         4
 Leda's Liquefaction      Hex/Erth       1%         N/A       95%         4


Dungeon Overview and Level Annotations

Branches:
Dungeon (6/15)             Temple (1/1) D:5

Altars:
Dithmenos
Elyvilon
Fedhas
Gozag
Hepliaklqana
Kikubaaqudgha
Makhleb
Okawaru
Qazlal
Ru
Sif Muna
Trog
Uskayaw
Vehumet
Wu Jian
Yredelemnul
Zin
The Shining One
Beogh

Shops:
D:5 [   D:6 *

Annotations:
D:4 3 runed translucent doors, Triskal's ghost, amateur GnGl


Innate Abilities, Weirdness & Mutations

You are a venomous arachnid creature.
You have poisonous fangs.
You are tiny and dextrous.
Your spellcasting is less reliable in this form.
Your armour is entirely melded.
You are incapable of wielding weapons or throwing items.
((You can breathe bolts of dispelling energy.))
((Your rich purple scales are hard. (AC +6)))
You cannot fit into any form of body armour.
((You are cold-blooded and may be slowed by cold attacks.))


Message History

You bite the orc!
You kill the orc!
You bite the orc!
You kill the orc!
You start resting.
Magic restored.
You start resting.
Your transformation is almost over.
You start resting.
Your transformation has ended.
Your +0 pair of boots of stealth unmelds from your body.
You feel stealthy.
You start resting.
A gnoll sergeant is nearby!
Casting: Spider Form (dangerous; 8% risk of failure)
Confirm with . or Enter, or press ? or * to list all spells.
You turn into a venomous arachnid creature.
Your +0 pair of boots of stealth melds into your body.
You feel less stealthy.
The gnoll sergeant shouts!
The gnoll sergeant hits you from afar with a +0 trident of venom!
You are lethally poisoned!
You feel extremely sick.
The gnoll sergeant hits you with a +0 trident of venom!
You hit the gnoll sergeant.
The gnoll sergeant is poisoned.
The gnoll sergeant is lightly wounded.
* * * LOW HITPOINT WARNING * * *
You feel extremely sick.
The gnoll sergeant completely misses you.
* * * LOW HITPOINT WARNING * * *
You feel very sick.
The gnoll sergeant hits you from afar with a +0 trident of venom.
* * * LOW HITPOINT WARNING * * *
* * * LOW HITPOINT WARNING * * *
You feel very sick.
Unknown command.
It was a potion of degeneration.
There was something very wrong with that liquid.
You feel weakened.
You feel dopey.
You feel clumsy.
You die...

### ####..## ### #.# #.###..#####
#.## #.# ##..##...##.. #..#
##.###..#...####.#
###.###..##...##..####.#
#...................##.#
#.#.###...##............
#...g.#...####..........
#.....#s..# ##......... #.
#...#...#...)## #......... #.
##..#.#.#......## #......... ..##
#..####∩#..###.)###..##.....
#..##....###.#..####..#..........
#.#......#...#..####......#...##
##....##.#.....#.........##..###
.....##..#.....#.......#?...)#
........##..##...###..###....#


There were no monsters in sight!

Vanquished Creatures
  Sigmund (D:4)
  Menkaure (D:4)
  Edmund (D:5)
  An orc warrior (D:6)
  A sky beast (D:5)
  An ogre (D:4)
  A centaur (D:5)
  A scorpion (D:5)
  A howler monkey (D:5)
  A bullfrog zombie (D:5)
  A centaur zombie (D:6)
  3 iguanas
  An orc wizard (D:6)
  Natasha (thrice) (D:4)
  A hound skeleton (D:4)
  7 adders
  An ufetubus (D:6)
  2 worms
  3 dart slugs
  5 orcs
  7 ball pythons
  6 bats
  9 endoplasms
  6 giant cockroaches
  13 goblins
  11 hobgoblins
  2 quokkas
  6 frilled lizards
  4 kobolds
  5 rats
106 creatures vanquished.

Vanquished Creatures (others)
  6 plants (D:2)
  3 toadstools (D:1)
9 creatures vanquished.

Grand Total: 115 creatures vanquished

Notes
Turn   | Place    | Note
-------+----------+-------------------------------------------
     0 | D:1      | fragbeetle the Draconian Transmuter began the quest for the
                  | Orb.
     0 | D:1      | Reached XP level 1. HP: 16/16 MP: 3/3
   311 | D:1      | Reached XP level 2. HP: 20/23 MP: 3/5
   558 | D:1      | Reached XP level 3. HP: 20/28 MP: 4/6
   812 | D:1      | Found a faded altar of an unknown god.
  1095 | D:2      | Found a glowing silver altar of Zin.
  1196 | D:2      | Reached XP level 4. HP: 32/36 MP: 5/7
  1321 | D:2      | Learned a level 3 spell: Spider Form
  2395 | D:3      | Reached XP level 5. HP: 26/42 MP: 6/8
  2512 | D:3      | Found an ornate altar of the Wu Jian Council.
  2632 | D:3      | Reached skill level 1 in Poison Magic
  2884 | D:3      | Found an iron altar of Okawaru.
  3113 | D:4      | Found a runed translucent gate.
  3113 | D:4      | Found a runed translucent gate.
  3113 | D:4      | Found a runed translucent gate.
  3116 | D:4      | Noticed Triskal's ghost (amateur GnGl)
  3264 | D:4      | Found an ancient bone altar of Kikubaaqudgha.
  3271 | D:4      | Noticed an ogre
  3281 | D:4      | Killed an ogre
  3523 | D:4      | Reached XP level 6. HP: 50/50 MP: 9/9
  3596 | D:4      | Noticed Sigmund
  3624 | D:4      | Killed Sigmund
  3630 | D:4      | Learned a level 3 spell: Frozen Ramparts
  3679 | D:4      | Noticed Menkaure
  3721 | D:4      | Noticed Natasha
  3750 | D:4      | Killed Natasha
  3779 | D:4      | Found a blossoming altar of Fedhas.
  3880 | D:4      | Killed Menkaure
  3881 | D:4      | Reached skill level 5 in Unarmed Combat
  3881 | D:4      | Reached skill level 1 in Ice Magic
  3881 | D:4      | Your scales start taking on a rich purple colour.
  3881 | D:4      | Reached XP level 7. HP: 20/57 MP: 7/10
  4350 | D:4      | Noticed Natasha
  4361 | D:4      | Killed Natasha
  4693 | D:4      | Found an ancient bone altar of Kikubaaqudgha.
  4744 | D:4      | Found a runed translucent gate.
  4745 | D:4      | Found a runed translucent gate.
  4746 | D:4      | Found a runed translucent gate.
  5097 | D:4      | Noticed Natasha
  5103 | D:4      | Killed Natasha
  5124 | D:5      | Entered Level 5 of the Dungeon
  5163 | D:5      | Found Emuugub's Armour Boutique.
  5170 | D:5      | Bought a +0 pair of boots of stealth for 138 gold pieces
  5638 | D:5      | Noticed Edmund
  5777 | D:5      | Found a staircase to the Ecumenical Temple.
  6141 | D:5      | Found an opulent altar of Gozag.
  6141 | D:5      | Found a bloodstained altar of Trog.
  6209 | D:5      | Killed Edmund
  6210 | D:5      | Reached skill level 5 in Transmutations
  6210 | D:5      | Reached XP level 8. HP: 29/66 MP: 9/12
  6438 | Temple   | Entered the Ecumenical Temple
  6985 | D:6      | Found Ruarues's Neck Hole.
  7248 | D:6      | HP: 1/66 [poisoned by a gnoll sergeant]
  7249 | D:6      | Succumbed to a gnoll sergeant's poison

Illustrated notes

Levels and vault maps discovered:
D:1:      minmay_arrival_plants_in_alcoves, layout_rooms,
          shapermc_ecumenical_altar_totnotflames, serial_bayou_pond_d,
          dk_noncrumbling_2, dk_noncrumbling_3, minmay_misc_feat_plants,
          minmay_misc_feat_cross, serial_bayou_pond_b, minmay_gold_behind_fungi,
          serial_park_tiny_1
D:2:      layout_loops_ring, basic_altar, kennysheep_pointless_box,
          minmay_misc_feat_five, guppyfry_early_lair_pool
D:3:      layout_loops_ring, amcnicky_altar_gilded,
          nicolae_wu_jian_wuxing_cycle, hangedman_decor_points,
          minmay_misc_feat_four_crosses
D:4:      minmay_inner_zag, layout_layer_cave, mainiacjoe_overflow_catwalk,
          fedhas_altar_4, biasface_ghost_orc_armoury, uniq_sigmund,
          uniq_natasha, uniq_menkaure
D:5:      layout_basic, nicolae_overflow_hidden_temple,
          minmay_temple_entry_grid, serial_shops,
          nicolae_shop_competitors_out_of_business, grunt_ministairs_6,
          st_stairs_14, uniq_edmund
D:6:      layout_layer_cave, mainiacjoe_overflow_alcove_1,
          nicolae_shop_sticking_my_neck_out
Temple:   hc_temple_tempest_star

Skill      XL: |  1  2  3  4  5  6  7  8 |
---------------+-------------------------+-----
Dodging        | 2 3 |  3.6
Fighting       | 2 3 |  3.8
Transmutations | 3 4 5 |  5.2
Unarmed Combat | 4 5 |  5.8
Poison Magic   | 1 2 3 |  3.0
Ice Magic      | 1 2 3 |  3.0
Spellcasting   | 3 |  3.2

Action                   |  1- 3 |  4- 6 |  7- 9 || total
-------------------------+-------+-------+-------++-------
Melee: Unarmed           |    84 |   133 |    90 ||   307
       Kick              |    18 |    34 |    11 ||    63
       Tailslap          |     8 |    10 |     5 ||    23
       Headbutt          |    10 |    18 |     4 ||    32
       Punch             |     4 |     3 |     3 ||    10
 Cast: Beastly Appendage |    21 |    39 |     6 ||    66
       Spider Form       |       |     3 |    10 ||    13
       Frozen Ramparts   |       |       |     1 ||     1
  Use: Potion            |       |       |     1 ||     1
 Stab: Sleeping          |       |     3 |     1 ||     4
Armor: Skin              |    21 |    21 |    16 ||    58
Dodge: Dodged            |    42 |    66 |    54 ||   162

Table legend: (Time is in decaauts)
 A = Elapsed time spent in this place.
 B = Non-inter-level travel time spent in this place.
 C = Inter-level travel time spent in this place.
 D = Time resting spent in this place.
 E = Time spent auto-exploring this place.
 F = Levels seen in this place.
 G = Mean time per level.
                   A        B        C        D        E       F      G
               +--------+--------+--------+--------+--------+-----+--------+
         Total |   7264 |   7039 |    225 |   1171 |   4220 |   7 | 1037.7 |
       Dungeon |   7003 |   6778 |    225 |   1171 |   3996 |   6 | 1167.2 |
        Temple |    261 |    261 |      0 |      0 |    223 |   1 |  261.0 |
               +--------+--------+--------+--------+--------+-----+--------+

Top non-repeatable levels by time:
     D:4: 2547 daAuts
     D:1: 1091 daAuts
     D:5: 1088 daAuts
     D:2: 1050 daAuts
     D:3: 933 daAuts
     D:6: 292 daAuts
  Temple: 261 daAuts
